Map: [ESL] Data-C

Players

trigger

  • Race: Protoss Protoss
  • League: Master
  • Spawn Location: 9:00

Reynor - Winner!

  • Race: Zerg Zerg
  • League: Master
  • Spawn Location: 3:00

Event: TSL 9

VOD

Have the link to the VOD?

Description

Time

  • Played on: July 29, 2022, 8:38 a.m.
  • Length: 10:37
Show
View Real Time Build Order
Export as new Build Order

trigger Protoss 

Build Orders: 1 Gate Expand, Oracle Opening, Archon Immortal 

Get SALT Encoding   

  12  0:00  Probe  
  13  0:12  Probe  
  14  0:18  Pylon  
  14  0:24  Probe  
  15  0:36  Probe (Chrono Boost)  
  15  0:39  Gateway  
  16  0:46  Probe (Chrono Boost), Assimilator  
  17  0:51  Probe (Chrono Boost)  
  18  1:03  Probe  
  19  1:15  Probe  
  20  1:25  Nexus  
  20  1:28  Probe  
  21  1:39  Cybernetics Core  
  21  1:46  Probe, Assimilator  
  22  1:54  Pylon  
  22  1:59  Probe  
  23  2:12  Probe (Chrono Boost)  
  23  2:15  Warp Gate, Stalker  
  26  2:22  Probe (Chrono Boost)  
  27  2:27  Probe (Chrono Boost)  
  28  2:32  Stargate  
  29  2:37  Probe (Chrono Boost)  
  29  2:39  Probe (Chrono Boost)  
  30  2:46  Probe (Chrono Boost)  
  30  2:47  Probe (Chrono Boost)  
  30  2:51  Adept, Probe (Chrono Boost)  
  34  2:53  Probe  
  36  3:03  Probe  
  36  3:05  Probe  
  38  3:13  Oracle (Chrono Boost)  
  38  3:15  Probe  
  38  3:16  Gateway  
  42  3:21  Probe  
  42  3:22  Pylon  
  43  3:27  Probe  
  43  3:33  Probe  
  45  3:39  Probe  
  46  3:43  Oracle  
  46  3:45  Probe  
  50  3:51  Probe  
  50  3:52  Nexus  
  50  3:54  Pylon  
  51  3:57  Probe  
  51  3:58  Assimilator  
  52  4:03  Probe, Assimilator  
  52  4:09  Probe  
  54  4:16  Probe  
  55  4:20  Adept  
  55  4:21  Probe  
  55  4:22  Oracle  
  61  4:28  Probe, Pylon  
  62  4:35  Stalker  
  62  4:41  Probe  
  62  4:46  Probe  
  63  4:53  Probe (Chrono Boost)  
  63  4:54  Twilight Council  
  63  4:56  Forge  
  63  4:57  Robotics Facility  
  63  4:58  Probe (Chrono Boost)  
  65  5:05  Probe (Chrono Boost)  
  66  5:09  Gateway, Probe x2 (Chrono Boost)  
  66  5:11  Gateway  
  66  5:13  Pylon  
  66  5:14  Probe (Chrono Boost)  
  69  5:17  Probe x2 (Chrono Boost)  
  72  5:21  Probe (Chrono Boost)  
  72  5:22  Probe (Chrono Boost)  
  72  5:28  Probe (Chrono Boost)  
  74  5:32  Protoss Ground Weapons Level 1, Charge  
  74  5:33  Probe (Chrono Boost), Assimilator  
  76  5:36  Templar Archives  
  76  5:37  Probe (Chrono Boost), Assimilator  
  76  5:39  Probe x2 (Chrono Boost)  
  78  5:43  Probe, Stalker  
  78  5:48  Probe x2  
  78  5:49  Observer  
  84  5:54  Gateway  
  84  5:55  Gateway, Probe  
  85  6:00  Zealot, Probe  
  88  6:04  Pylon  
  86  6:14  Stalker x2  
  86  6:17  Probe x2  
  88  6:29  Immortal, Psionic Storm  
  92  6:33  Zealot  
  92  6:34  Zealot  
  92  6:37  Nexus  
  92  6:38  Photon Cannon  
  96  6:40  Gateway  
  96  6:41  Gateway, Pylon  
  96  6:44  High Templar x2  
  100  6:54  Gateway  
  100  6:56  Shield Battery  
  100  6:57  Pylon  
  100  7:07  Immortal (Chrono Boost), High Templar x2  
  108  7:17  Stalker  
  108  7:19  Probe x2  
  108  7:20  Probe  
  108  7:21  Photon Cannon  
  108  7:22  Shield Battery  
  113  7:24  Blink  
  113  7:26  High Templar x2, Pylon  
  113  7:27  Assimilator  
  117  7:30  Assimilator  
  117  7:41  Pylon  
  117  7:44  Probe x3, Pylon  
  120  7:45  Pylon  
  120  7:47  Photon Cannon  
  120  7:49  Photon Cannon  
  120  7:51  High Templar x3  
  120  7:57  Archon  
  126  7:58  Zealot  
  126  7:59  Zealot x4  
  126  8:03  Gateway  
  133  8:08  Gateway  
  113  8:20  High Templar x3  
  113  8:21  Zealot x2, Gateway  
  117  8:29  Shield Battery  
  117  8:31  Archon  
  117  8:32  Archon  
  117  8:33  Shield Battery, High Templar  
  117  8:34  Shield Battery  
  117  8:35  Shield Battery, Zealot x2  
  117  8:36  Zealot, Immortal (Chrono Boost)  
  127  8:42  Zealot x2  
  119  8:56  Zealot x5  
  119  9:01  Archon, Immortal  
  119  9:02  Zealot x2  
  121  9:07  Zealot x2  
  113  9:11  Zealot x2  
  113  9:16  Zealot  
  113  9:17  Zealot x4  
  107  9:22  Zealot x2  
  107  9:23  Zealot  
  107  9:28  Stalker x2  
  103  9:33  High Templar x2  
  103  9:37  Immortal  
  103  9:38  Archon  
  103  9:39  High Templar  
  103  9:40  Zealot x4  
  103  9:44  High Templar  
  103  9:45  Zealot x2  
  116  9:50  Archon  
  103  9:52  Stalker x2  
  97  10:02  Zealot  
  97  10:03  Stalker x2  
  97  10:08  Stalker x4  
  93  10:14  Zealot  
Show
View Real Time Build Order
Export as new Build Order

Reynor Zerg - Winner!

Build Orders: Hatch First, Swarm Host 

Get SALT Encoding   

  12  0:00  Drone  
  13  0:12  Overlord  
  13  0:16  Drone  
  14  0:30  Drone x2  
  16  0:48  Hatchery  
  15  0:52  Drone  
  15  0:55  Drone  
  17  0:59  Drone  
  18  1:10  Extractor  
  17  1:15  Spawning Pool  
  17  1:18  Drone  
  17  1:22  Drone  
  18  1:27  Drone  
  19  1:38  Drone  
  20  1:48  Overlord  
  20  2:02  Queen x2  
  20  2:03  Zergling x4  
  26  2:10  Drone  
  26  2:11  Drone  
  26  2:14  Metabolic Boost  
  28  2:23  Drone x2  
  30  2:37  Hatchery  
  30  2:40  Drone  
  30  2:43  Drone  
  31  2:44  Drone  
  31  2:49  Overlord  
  32  2:53  Drone  
  32  2:54  Drone  
  34  3:01  Queen  
  36  3:08  Drone x2  
  36  3:11  Queen  
  40  3:15  Overlord  
  40  3:18  Drone  
  41  3:20  Drone  
  41  3:21  Drone  
  41  3:23  Drone  
  44  3:31  Overlord  
  44  3:35  Drone  
  44  3:39  Queen  
  47  3:46  Drone  
  47  3:47  Roach Warren  
  46  3:49  Zergling x10  
  51  3:55  Queen  
  51  3:56  Zergling x2  
  51  4:01  Overlord  
  54  4:06  Drone x2  
  54  4:09  Spore Crawler  
  55  4:10  Overlord  
  55  4:11  Drone  
  55  4:13  Drone  
  55  4:15  Drone  
  55  4:16  Drone  
  59  4:20  Overlord  
  59  4:22  Drone x2  
  61  4:24  Drone  
  61  4:37  Drone x5  
  63  4:39  Overlord  
  60  4:46  Queen, Drone x3  
  60  4:49  Queen  
  67  4:53  Spore Crawler  
  67  4:55  Spore Crawler  
  65  5:00  Drone x4, Evolution Chamber  
  65  5:04  Lair  
  65  5:05  Drone x2  
  71  5:07  Zergling x2  
  71  5:08  Zergling x2  
  71  5:09  Zergling x2  
  73  5:15  Overlord  
  73  5:17  Zergling x6  
  73  5:18  Drone  
  73  5:21  Overlord  
  77  5:27  Drone  
  78  5:30  Zerg Missile Weapons Level 1  
  78  5:31  Drone x2, Extractor  
  78  5:35  Hatchery  
  79  5:36  Drone  
  79  5:37  Drone x2  
  79  5:39  Drone x4  
  85  5:44  Drone  
  85  5:45  Drone  
  85  5:46  Extractor  
  85  5:47  Extractor  
  85  5:51  Drone x2  
  85  5:55  Drone x3  
  90  6:00  Extractor  
  90  6:02  Extractor  
  87  6:07  Overlord  
  87  6:08  Drone x3  
  87  6:11  Drone x3  
  92  6:15  Drone  
  92  6:16  Drone x2  
  92  6:17  Queen  
  95  6:19  Overlord  
  93  6:28  Infestation Pit  
  93  6:29  Glial Reconstitution  
  93  6:30  Zergling x16  
  100  6:39  Overlord x3  
  100  6:53  Overlord  
  100  7:04  Swarm Host x11  
  133  7:10  Queen x2  
  133  7:11  Queen  
  133  7:13  Roach x5  
  133  7:15  Queen  
  149  7:16  Roach x2  
  149  7:21  Roach x3  
  163  7:22  Roach  
  163  7:26  Overlord  
  163  7:27  Roach x2  
  163  7:29  Extractor  
  166  7:32  Overlord  
  166  7:35  Overlord  
  166  7:40  Overseer  
  166  7:41  Overlord  
  166  7:48  Overlord  
  164  7:51  Roach  
  164  7:52  Roach x5  
  170  7:59  Roach x7  
  184  8:08  Ravager x3  
  184  8:19  Queen, Drone x4  
  181  8:24  Roach x9  
  199  8:30  Ravager  
  195  8:49  Spore Crawler  
  195  8:52  Roach x9  
  194  8:56  Roach x3  
  194  8:57  Roach x2  
  190  9:03  Roach  
  190  9:04  Roach x4  
  191  9:17  Roach x5  
  191  9:23  Roach x3  
  183  9:32  Roach x8  
  183  9:34  Ravager  
  198  9:41  Roach x4  
  195  9:46  Roach  
  195  9:47  Roach x3  
  191  9:54  Roach  
  191  9:55  Roach x5  
  197  10:03  Roach  
  191  10:13  Roach x8  
Tags
 
Add a new tag
Caveats
  • Supply blocks, unpowered buildings, or Contaminate may cause inaccurate times.
  • Supply counts are checked every 10 seconds.